 Dungeon Crawl Stone Soup version 0.22.1-2-g9c5b331 (webtiles) character file.

2097 dvd the Skirmisher (level 9, -1/54 HPs)
             Began as a Gargoyle Monk on Dec 6, 2018.
             Was a Priest of Okawaru.
             Slain by a jelly (2 damage)
             ... on level 8 of the Dungeon.
             The game lasted 00:18:01 (6953 turns).

dvd the Skirmisher (Gargoyle Monk)                  Turns: 6953, Time: 00:18:02

Health: -1/54      AC: -2    Str: 16    XL:     9   Next: 28%
Magic:  19/19      EV: 14    Int: 16    God:    Okawaru [***...]
Gold:   459        SH:  4    Dex: 14    Spells: 8/8 levels left

rFire    + . .     SeeInvis .   A - +1 scimitar (holy)
rCold    . . .     Gourm    .   e - +0 buckler
rNeg     + . .     Faith    .   N - +0 robe {rF+}
rPois    ∞         Spirit   .   K - +3 hat of Pondering {ponderous, MR+ MP+10 Int+5}
rElec    +         Reflect  .   (no cloak)
rCorr    .         Harm     .   y - +0 pair of gloves (curse)
MR       +....                  (no boots)
Stlth    +++.......             q - amulet of magic regeneration
HPRegen  0.18/turn              r - ring of flight
MPRegen  0.41/turn              (no ring)

@: corroded, slow
A: negative energy resistance 1, electricity resistance, unbreathing,
petrification resistance, rot immunity, AC +6
a: Heroism, Renounce Religion, Evoke Flight


You were on level 8 of the Dungeon.
You worshipped Okawaru.
Okawaru was most pleased with you.
You were hungry.

You visited 2 branches of the dungeon, and saw 9 of its levels.
You also visited: Sewer.

You collected 459 gold pieces.

Inventory:

Hand Weapons
 a - a +0 mace
 g - a +0 hand axe
 h - a +2 quarterstaff of chaos
 A - a +1 scimitar of holy wrath (weapon)
 L - a +0 war axe
Missiles
 u - 5 javelins (quivered)
Armour
 b - a +0 robe
 e - a +0 buckler (worn)
 l - a +0 chain mail
 m - a +0 ring mail
 y - a cursed +0 pair of gloves (worn)
 K - the +3 hat of Pondering (worn) {ponderous, MR+ MP+10 Int+5}
   (You found it on level 7 of the Dungeon)

   It affects your intelligence (+5).
   It affects your resistance to hostile enchantments.
   It affects your magic capacity (+10).
 N - a +0 robe of fire resistance (worn)
Jewellery
 q - an amulet of magic regeneration (around neck)
 r - a ring of flight (left hand)
Wands
 D - a wand of paralysis (10)
 G - a wand of flame (61)
Scrolls
 d - 2 scrolls of remove curse
 f - 8 scrolls of identify
 i - 7 scrolls of teleportation
 n - 2 scrolls of enchant weapon {unknown}
 o - a scroll of random uselessness {unknown}
 t - a scroll of magic mapping {unknown}
 w - 2 scrolls of immolation {unknown}
 B - 2 scrolls of fear {unknown}
 F - a scroll of enchant armour {unknown}
 H - a scroll of holy word {unknown}
 I - a scroll of fog {unknown}
Potions
 j - 2 potions of magic
 k - a potion of curing
 p - a potion of degeneration {unknown}
 s - a potion of brilliance {unknown}
 v - a potion of berserk rage {unknown}
 x - 3 potions of lignification {unknown}
 z - 2 potions of heal wounds {unknown}
 C - 6 potions of flight
 E - a potion of invisibility {unknown}
 J - a potion of haste {unknown}
Comestibles
 c - 17 rations
 M - 3 chunks of flesh


   Skills:
 + Level 5.2 Fighting
 + Level 5.1 Long Blades
 + Level 3.5(4.5) Axes
 + Level 4.6(5.4) Maces & Flails
 + Level 1.6(3.4) Staves
 + Level 1.1 Throwing
 + Level 4.8 Armour
 + Level 4.3 Dodging
 + Level 4.4 Stealth
 + Level 2.3 Shields


You had 8 spell levels left.
You didn't know any spells.
Your spell library was empty.

Dungeon Overview and Level Annotations

Branches:
Dungeon (8/15)             Temple (1/1) D:5
   Lair: D:8-11

Altars:
Ashenzari
Cheibriados
Dithmenos
Elyvilon
Fedhas
Gozag
Hepliaklqana
Kikubaaqudgha
Makhleb
Nemelex Xobeh
Okawaru
Qazlal
Ru
Sif Muna
Trog
Uskayaw
Vehumet
Wu Jian
Xom
Yredelemnul
Zin
The Shining One

Annotations:
D:4 3 runed doors, buskinjo's ghost, amateur DEFE


Innate Abilities, Weirdness & Mutations

You are resistant to torment.
Your stone body is resilient. (AC +6)
You are immune to poison.
You resist negative energy. (rN+)
You are resistant to electric shocks. (rElec)
You can survive without breathing.
You are immune to petrification.
You are immune to rotting.


Message History

You slash Maurice!
You kill Maurice!
Okawaru accepts your kill.
Your Long Blades skill increases to level 5!
Your Stealth skill increases to level 4!
You hit the jelly. The acid corrodes you!
Your hands burn!
The jelly is lightly wounded.
The jelly closely misses you.
You slash the jelly! The acid corrodes you!
Your hands burn!
The jelly is heavily wounded.
You block the jelly's attack. The jelly hits you.
* * * LOW HITPOINT WARNING * * *
The acid corrodes you!
You are splashed with acid!
The acid burns!
* * * LOW HITPOINT WARNING * * *
You hit the jelly but do no damage.
Your hands burn!
* * * LOW HITPOINT WARNING * * *
The jelly is heavily wounded.
The orc wizard gestures wildly while chanting.
The orc wizard blinks!
The jelly hits you.
You die...

.............o...
..!..............
.................
.................
.................
.................
##...§# #...#J#
#...#@# #...#.#
###...#†#
#.......#
#.#..<..#
#.#######
#........
#########


You could see a jelly.

Vanquished Creatures
  Maurice (D:8)
  Grinder (D:3)
  A water moccasin (D:5)
  An ice beast (D:7)
  An ogre (D:4)
  A sky beast (D:8)
  A centaur (D:7)
  2 bullfrogs (D:7)
  A water moccasin zombie (D:5)
  3 scorpions
  3 howler monkeys
  A crimson imp (D:7)
  An orc priest (D:7)
  3 hounds
  Crazy Yiuf (D:3)
  Jessica (D:3)
  An iguana (D:4)
  3 orc wizards
  3 worker ants
  A merfolk avatar (Sewer)
  A merfolk siren (Sewer)
  A hound skeleton (D:6)
  2 howler monkey skeletons
  6 adders
  2 river rats
  An ooze (D:3)
  An adder skeleton (D:7)
  4 worms
  8 leopard geckos
  11 orcs
  9 bats
  10 giant cockroaches
  17 hobgoblins
  3 jackals (D:7)
  3 quokkas
  4 ball pythons (Sewer)
  8 frilled lizards
  14 goblins
  7 kobolds
  A quokka zombie (D:7)
  32 rats
176 creatures vanquished.

Vanquished Creatures (others)
  A shadow imp (D:8)
1 creature vanquished.

Grand Total: 177 creatures vanquished

Notes
Turn   | Place    | Note
-------+----------+-------------------------------------------
     0 | D:1      | dvd the Gargoyle Monk began the quest for the Orb.
     0 | D:1      | Reached XP level 1. HP: 14/14 MP: 1/1
    67 | D:1      | Reached XP level 2. HP: 16/19 MP: 2/2
   352 | D:1      | Reached XP level 3. HP: 22/23 MP: 3/3
  1116 | D:2      | Reached skill level 1 in Axes
  1339 | D:2      | Reached XP level 4. HP: 27/28 MP: 4/4
  1866 | D:3      | Found a runed door.
  1870 | D:3      | Noticed Crazy Yiuf
  1877 | D:3      | Killed Crazy Yiuf
  1965 | D:3      | Reached skill level 1 in Armour
  2072 | D:3      | Noticed Jessica
  2090 | D:3      | Killed Jessica
  2090 | D:3      | Reached XP level 5. HP: 27/33 MP: 5/5
  2175 | D:3      | Noticed Grinder
  2176 | D:3      | Paralysed by Grinder for 2 turns
  2295 | D:3      | Paralysed by Grinder for 7 turns
  2381 | D:3      | Paralysed by Grinder for 3 turns
  2567 | D:3      | Paralysed by Grinder for 7 turns
  2576 | D:3      | Killed Grinder
  2576 | D:3      | Reached skill level 1 in Staves
  2576 | D:3      | Reached XP level 6. HP: 15/38 MP: 6/6
  2970 | D:4      | Found a runed gate.
  2970 | D:4      | Found a runed gate.
  2970 | D:4      | Found a runed gate.
  3200 | D:4      | Found a glowing drain.
  3204 | Sewer    | Entered a sewer
  3475 | Sewer    | Reached XP level 7. HP: 30/43 MP: 7/7
  4284 | D:3      | Reached skill level 1 in Shields
  4284 | D:3      | HP: 1/43 [hound (4)]
  4706 | D:4      | Noticed buskinjo's ghost (amateur DEFE)
  4959 | D:5      | Entered Level 5 of the Dungeon
  4959 | D:5      | Found a staircase to the Ecumenical Temple.
  4993 | D:5      | Reached skill level 1 in Throwing
  4993 | D:5      | Reached XP level 8. HP: 37/48 MP: 8/8
  5004 | Temple   | Entered the Ecumenical Temple
  5118 | Temple   | Became a worshipper of Warmaster Okawaru
  5118 | Temple   | Reached * piety under Okawaru
  5118 | Temple   | Reached ** piety under Okawaru
  5262 | D:5      | Reached skill level 1 in Long Blades
  6008 | D:6      | Found a snail-covered altar of Cheibriados.
  6143 | D:7      | Found the +3 hat of Pondering {ponderous, MR+ MP+10 Int+5}
  6689 | D:7      | Reached skill level 5 in Fighting
  6742 | D:7      | Found a radiant altar of Vehumet.
  6916 | D:8      | Reached XP level 9. HP: 43/54 MP: 9/9
  6926 | D:8      | Reached *** piety under Okawaru
  6933 | D:8      | Noticed Maurice
  6950 | D:8      | Killed Maurice
  6950 | D:8      | Reached skill level 5 in Long Blades
  6953 | D:8      | HP: 1/54 [acid (4)]
  6953 | D:8      | Slain by a jelly

Skill      XL: |  1  2  3  4  5  6  7  8  9 |
---------------+----------------------------+-----
Axes           | 1 2 3 |  3.5
Dodging        | 3 4 |  4.3
Armour         | 1 2 3 4 |  4.8
Maces & Flails | 4 |  4.6
Fighting       | 4 5 |  5.2
Staves         | 1 |  1.6
Stealth        | 3 4 |  4.4
Shields        | 1 2 |  2.3
Throwing       | 1 |  1.1
Long Blades    | 4 5 |  5.1

Action                   |  1- 3 |  4- 6 |  7- 9 || total
-------------------------+-------+-------+-------++-------
Melee: Mace              |    40 |    95 |    37 ||   172
       Hand axe          |    78 |    78 |    71 ||   227
       Quarterstaff      |       |    25 |    20 ||    45
       Scimitar          |       |     1 |   214 ||   215
Throw: Javelin           |     9 |     6 |     6 ||    21
Evoke: Wand              |       |       |     1 ||     1
  Use: Scroll            |       |     3 |       ||     3
       Potion            |       |       |     1 ||     1
 Stab: Sleeping          |     1 |     1 |     1 ||     3
       Paralysed         |       |       |    11 ||    11
  Eat: Chunk             |     1 |     8 |     8 ||    17
       Ration            |       |       |     1 ||     1
Armor: Robe              |    17 |       |    29 ||    46
       Ring mail         |    17 |   100 |   141 ||   258
       Chain mail        |    17 |       |       ||    17
Dodge: Dodged            |    56 |    92 |   196 ||   344
Block: Buckler           |    13 |    20 |    64 ||    97
       Rpst.: Scimitar   |       |       |    44 ||    44
